 Dungeon Crawl Stone Soup version 0.18-a0-1299-ge3c6ce7 (console) character file.

86 FIQ the Poker (level 4, -2/34 HPs)
             Began as a Demonspawn Gladiator on Feb 11, 2016.
             Slain by Robin
             ... wielding a +0 spear
              (3 damage)
             ... on level 2 of the Dungeon.
             The game lasted 00:02:42 (1510 turns).

FIQ the Poker (Demonspawn Gladiator)                Turns: 1510, Time: 00:02:43

Health: -2/34      AC:  4    Str: 12 (15) XL:     4   Next: 27%
Magic:  4/4        EV: 12    Int:  9 (10) God:
Gold:   70         SH:  0    Dex: 13 (14) Spells: 0 memorised, 3 levels left

rFire  . . .     SeeInvis .     a - +0 trident
rCold  . . .     Gourm    .     b - +0 leather armour
rNeg   + . .     Faith    .     (no shield)
rPois  .         Spirit   .     c - +0 helmet
rElec  .         Dismiss  .     (no cloak)
rCorr  .         Reflect  .     (no gloves)
SustAt .         Harm     .     (no boots)
MR     .....                    (no amulet)
Stlth  +.........               (no ring)
                                l - ring of positive energy

@: not resistant to hostile enchantments, very unstealthy
A: talons 1, powered by pain 1
a: no special abilities


You were on level 2 of the Dungeon.
You were not hungry.

You visited 1 branch of the dungeon, and saw 2 of its levels.

You collected 70 gold pieces.

Inventory:

Hand Weapons
 a - a +0 trident (weapon)
Missiles
 d - 4 throwing nets (quivered)
Armour
 b - a +0 leather armour (worn)
 c - a +0 helmet (worn)
Jewellery
 l - a ring of positive energy (left hand)
Scrolls
 h - 2 scrolls of identify {unknown}
 i - a scroll of amnesia {unknown}
 n - a scroll of enchant armour {unknown}
 r - a scroll of fog {unknown}
 s - a scroll of immolation {unknown}
Potions
 j - a potion of degeneration
Comestibles
 f - 2 bread rations
 g - 2 fruits
 p - 10 chunks of flesh


   Skills:
 + Level 2.8 Fighting
 * Level 3.4 Polearms
 - Level 1.7 Throwing
 + Level 1.7 Armour
 + Level 3.0 Dodging


You had 3 spell levels left.
You didn't know any spells.

Dungeon Overview and Level Annotations

Branches:
Dungeon (2/15)

Altars:
Kikubaaqudgha
Okawaru

Annotations:
D:2 Robin


Innate Abilities, Weirdness & Mutations

You have sharp toenails.
You sometimes gain a little power by taking damage.


Message History

Press: ? - help, Dir - move target cursor, f/p - Robin
Aim: Robin, wielding a spear, wearing an animal skin and wearing a helmet (lightly wounded)
You reach to attack!
You barely miss Robin.
Robin is lightly wounded.
Robin hits you but does no damage.
Attack whom?
Press: ? - help, Dir - move target cursor, f/p - Robin
Aim: Robin, wielding a spear, wearing an animal skin and wearing a helmet (lightly wounded)
You reach to attack!
You hit Robin.
Robin is heavily wounded.
Robin hits you from afar with a spear.
* * * LOW HITPOINT WARNING * * *
Attack whom?
Press: ? - help, Dir - move target cursor, f/p - Robin
Aim: Robin, wielding a spear, wearing an animal skin and wearing a helmet (heavily wounded)
You reach to attack!
You hit Robin.
Robin is heavily wounded.
Robin flexes a bicep menacingly.
Robin hits you from afar with a spear.
You die...

#......<## #.>.# ##
##########........# #...# #.
#......###........####...####.
#..<..#.##..#.##..........)†..
#....###.#..#............###..
#....g#........#........##.##.
#...<..###..#.##..###...#...#.
######## #........##....##)##.
##..........### #'#(. ###.####..#
#.### #@# #.#g((s+#+.(
###.#####.#%$K?##...
#...g..)..##K?###)..
##############...##g##..####)').(
...............####.###....g)##..
.#...#...#...#.##...# ###.##..###
...............##.#.# #...g....
.#...#...#...#.##.#.#####..#.....
...........................######
#################.########.# #.#
#.#


You could see Robin.

Vanquished Creatures
  A gnoll (D:2)
  3 adders (D:2)
  4 giant geckos (D:2)
  A giant cockroach (D:1)
  7 hobgoblins
  2 quokkas (D:2)
  6 bats
  A giant newt (D:2)
  13 goblins
  2 kobolds (D:2)
  5 rats
45 creatures vanquished.

Notes
Turn   | Place    | Note
--------------------------------------------------------------
     0 | D:1      | FIQ the Demonspawn Gladiator began the quest for the Orb.
     0 | D:1      | Reached XP level 1. HP: 16/16 MP: 1/1
   533 | D:1      | Gained mutation: You sometimes gain a little power by taking damage. [demonic ancestry]
   533 | D:1      | Reached XP level 2. HP: 20/22 MP: 2/2
   762 | D:2      | Noticed Robin
   766 | D:1      | Reached skill level 3 in Polearms
  1126 | D:2      | Reached XP level 3. HP: 28/28 MP: 3/3
  1157 | D:2      | Found an iron altar of Okawaru.
  1246 | D:2      | Reached skill level 1 in Armour
  1305 | D:2      | Found an ancient bone altar of Kikubaaqudgha.
  1400 | D:2      | Gained mutation: You have sharp toenails. [demonic ancestry]
  1400 | D:2      | Reached XP level 4. HP: 12/34 MP: 4/4
  1509 | D:2      | HP: 1/34 [Robin/spear (2)]
  1510 | D:2      | Slain by Robin

Vault maps used:
D:1:      dpeg_arrival_orchard
D:2:      led_sif_pool, lemuel_coloured_pillars_altar, okawaru_metal_pillars_3,
          minmay_joined_circles, uniq_robin

Action                   |  1- 3 |  4- 6 || total
-------------------------+-------+-------++-------
Melee: Trident           |   133 |    31 ||   164
  Use: Potion            |       |     7 ||     7
  Eat: Chunk             |     2 |       ||     2
